 Dungeon Crawl Stone Soup version 0.31-a0-365-gcf821cafb2 (webtiles) character file.

Game seed: 5236747401805078947

1436 lunkers the Martial Artist (level 9, -2/68 HPs)
             Began as a Meteoran Shapeshifter on July 27, 2023.
             Was an Initiate of Gozag.
             Slain by Erica
             ... wielding a +3 scimitar of flaming
              (18 damage)
             ... on level 8 of the Dungeon.
             The game lasted 00:07:20 (2538 turns).

lunkers the Martial Artist (Meteoran Shapeshifter)  Turns: 2538, Time: 00:07:20

Health: -2/68      AC:  7    Str: 16    XL:     9   Next: 23%
Magic:  10/10      EV: 11    Int: 11    God:    Gozag
Gold:   257        SH:  0    Dex: 25    Spells: 8/8 levels left

rFire   . .          .
                       - Unarmed
rCold   . . .        (no shield)
rNeg    . . .        f - +1 scale mail
rPois   .            (helmet currently unavailable)
rElec   .            (cloak currently unavailable)
rCorr   .            (gloves currently unavailable)
SInv    .            (boots currently unavailable)
Will    +....        e - amulet of regeneration
Stlth   +            q - ring of flight
HPRegen 1.11/turn    p - +6 ring of dexterity
MPRegen 0.12/turn

%: no passive effects
@: beast-form, flying, slowed, glowing, very slow
A: beast (slay +2), sense surroundings 2, otherworldly, glowing, explore regen
a: Begin Untransformation, Renounce Religion, Potion Petition, Call Merchant,
Bribe Branch


You were on level 8 of the Dungeon.
You worshipped Gozag.
Gozag was aware of your devotion.
You were a hulking beast.
You visited 2 branches of the dungeon, and saw 9 of its levels.

You collected 441 gold pieces.
You paid 184 gold pieces to Gozag.

Inventory:

Armour
 a - a +0 animal skin
 f - a +1 scale mail (worn)
 o - a +0 pair of boots
Jewellery
 e - an amulet of regeneration (around neck)
 h - a ring of wizardry
 p - a +6 ring of dexterity (right hand)
 q - a ring of flight (left hand)
Talismans
 c - a beast talisman
Wands
 m - a wand of acid (3)
Scrolls
 d - 6 scrolls of teleportation
 g - 3 scrolls of fear
 j - a scroll of blinking
 s - a scroll of revelation
 x - a scroll of noise {unknown}
 y - 2 scrolls of identify
 A - a scroll of brand weapon {unknown}
Potions
 b - a potion of lignification
 i - a potion of haste
 k - 2 potions of invisibility
 l - 2 potions of mutation
 n - a potion of resistance
 r - a potion of magic
 t - a potion of enlightenment {unknown}
 u - a potion of heal wounds {unknown}
 v - a potion of brilliance {unknown}
 w - a potion of curing
 z - a potion of ambrosia {unknown}


   Skills:
 + Level 2.4 Fighting
 + Level 3.4 Dodging
 + Level 12.2 Unarmed Combat
 + Level 4.2 Shapeshifting


You had 8 spell levels left.
You didn't know any spells.
Your spell library contained the following spells:

 Spells                   Type           Power      Damage    Failure   Level
 Freeze                   Ice            0%         1d3       80%         1
 Summon Small Mammal      Summ           0%         N/A       80%         1
 Call Canine Familiar     Summ           0%         N/A       99%         3
 Frozen Ramparts          Ice            0%         1d1       99%         3
 Hailstorm                Conj/Ice       0%         3d3       99%         3
 Summon Guardian Golem    Hex/Summ       0%         N/A       99%         3
 Petrify                  Tmut/Erth      0%         N/A       100%        4
 Metabolic Englaciation   Hex/Ice        0%         N/A       100%        5


Dungeon Overview and Level Annotations

Branches:
Dungeon (8/15) Zot: 2325   Temple (1/1) D:7 Zot: 581
   Lair: D:8-11

Altars:
Ashenzari
Cheibriados
Dithmenos
Elyvilon
Gozag
Hepliaklqana
Qazlal
Sif Muna
Trog
Vehumet
Wu Jian
Xom
The Shining One

Shops:
D:6 *=

Annotations:
D:8 Erica


Innate Abilities, Weirdness & Mutations

You are a hulking beast.
Your limbs bulge with bestial killing power. (Slay +2)
You passively map the area around you.
You are easily found by Zot.
You glow in the dark.
You regain HP and MP as you explore.


Message History

Erica burns you.
Aiming: Corrosive Bolt
Press: ? - help, Shift-Dir - straight line, f/p - Erica
Aim: Erica, wielding a +3 scimitar of flaming and wearing a +0 robe (heavily wounded, covered in acid, 68% to hit)
The bolt of acid hits Erica!
Erica seems to be corroded for longer.
Erica is severely wounded.
Erica hits you with a +3 scimitar of flaming.
Erica burns you. Erica barely misses you.
You closely miss Erica.
Erica is severely wounded.
Erica points at you and mumbles some strange words.
You are confused.
You barely miss Erica.
Erica is severely wounded.
Erica barely misses you. Erica attacks as you move away!
Erica hits you with a +3 scimitar of flaming!
Erica burns you.
You are too confused!
Okay, then.
You bump into the rock wall.
Erica gestures wildly while chanting.
Erica flickers and vanishes!
Deactivating autopickup; reactivate with Ctrl-A.
You hear some strange, mumbled words.
A lance of force appears from out of thin air!
The lance of force hits you!!
* * * LOW HITPOINT WARNING * * *
You are knocked back by the lance of force.
You slam into the rock wall!
* * * LOW HITPOINT WARNING * * *
It was a potion of curing.
You feel better. Something hits you!
* * * LOW HITPOINT WARNING * * *
Something burns you.
* * * LOW HITPOINT WARNING * * *
Aiming: Corrosive Bolt
Press: ? - help, Shift-Dir - straight line Something hits you!!
You die...
Your body crumbles into a pile of gold.

, ,, , , * ** *** *
....... , #........,,,
* , * #........ , , *
###........ * , ,
,..........,,
#########.........
*,#.......#.........,,
###.#...#h{......., *
#.#..<#......... ,,* *
#.......#.###### * *
*#########.# ,, , , .#
##


There were no monsters in sight!

Vanquished Creatures
  Eustachio (D:4)
  2 steam dragons (D:7)
  2 sky beasts
  An ice beast (D:7)
  2 howler monkeys (D:7)
  3 jellies
  2 gnoll boudas
  5 hounds
  An iguana (D:7)
  3 orc wizards
  14 gnolls
  7 adders
  An ufetubus (D:4)
  3 worms
  A dart slug (D:4)
  11 orcs
  6 ball pythons
  A bat (D:3)
  8 endoplasms
  3 giant cockroaches
  9 goblins
  2 hobgoblins
  A jackal (D:4)
  A quokka (D:2)
  5 frilled lizards
  4 kobolds
  2 rats
101 creatures vanquished.

Vanquished Creatures (others)
  A black bear (D:7)
1 creature vanquished.

Grand Total: 102 creatures vanquished

Notes
Turn   | Place    | Note
-------+----------+-------------------------------------------
     0 | D:1      | lunkers the Meteoran Shapeshifter began the quest for the
                  | Orb.
     0 | D:1      | Reached XP level 1. HP: 16/16 MP: 2/2
   113 | D:1      | Reached skill level 4 in Unarmed Combat
   113 | D:1      | Reached XP level 2. HP: 23/23 MP: 3/3
   252 | D:2      | Reached XP level 3. HP: 27/28 MP: 4/4
   396 | D:2      | Reached skill level 5 in Unarmed Combat
   646 | D:3      | Reached XP level 4. HP: 35/35 MP: 5/5
   908 | D:4      | Reached skill level 6 in Unarmed Combat
   928 | D:4      | Reached XP level 5. HP: 40/40 MP: 6/6
   962 | D:4      | HP: 2/40 [kobold/+0 short sword (3)]
  1026 | D:4      | Reached skill level 7 in Unarmed Combat
  1026 | D:4      | Reached XP level 6. HP: 36/47 MP: 7/7
  1044 | D:4      | Noticed Eustachio
  1059 | D:4      | Killed Eustachio
  1060 | D:4      | Reached skill level 8 in Unarmed Combat
  1060 | D:4      | Reached XP level 7. HP: 44/52 MP: 8/8
  1175 | D:5      | Entered Level 5 of the Dungeon
  1364 | D:5      | Reached skill level 9 in Unarmed Combat
  1661 | D:5      | Reached skill level 10 in Unarmed Combat
  1661 | D:5      | Reached XP level 8. HP: 8/59 MP: 9/9
  1774 | D:6      | Found Tgucruno's Tempting Trifles.
  1904 | D:6      | Found Mishrie's Jewellery Shoppe.
  2085 | D:7      | Noticed a steam dragon
  2091 | D:7      | Killed a steam dragon
  2092 | D:7      | Reached skill level 11 in Unarmed Combat
  2177 | D:7      | Noticed a steam dragon
  2192 | D:7      | Killed a steam dragon
  2205 | D:7      | Reached skill level 12 in Unarmed Combat
  2205 | D:7      | Gained mutation: You passively map the area around you.
                  | [Meteoran growth]
  2205 | D:7      | Reached XP level 9. HP: 41/64 MP: 10/10
  2247 | D:7      | Found a staircase to the Ecumenical Temple.
  2264 | D:7      | HP: 1/67 [gnoll/+0 flail[a gnoll bouda] (12)]
  2349 | Temple   | Entered the Ecumenical Temple
  2358 | Temple   | Became a worshipper of Gozag Ym Sagoz the Greedy
  2522 | D:8      | Noticed Erica
  2538 | D:8      | Slain by Erica

Illustrated notes

Levels and vault maps discovered:
D:1:      mrwooster_arrival_statue_2, layout_basic, minivault_26,
          minmay_bisected
D:2:      layout_basic, uniq_crazy_yiuf_cottage
D:3:      layout_basic
D:4:      layout_cave_pools, minmay_pentangle, uniq_eustachio
D:5:      nicolae_cairo_tiling, layout_basic
D:6:      layout_rooms, serial_shops, nicolae_shop_waterfront,
          kennysheep_cross_room, nicolae_alphabet_shops,
          minmay_unpleasant_kobolds
D:7:      layout_loops_ring, minmay_temple_entry_drinking_statues
D:8:      layout_basic, nicolae_ru_great_annihilating_truth,
          grunt_temple_overflow_cloverleaf, gammafunk_temple_overflow_claw,
          hellmonk_guarded_unrand_vitality_bloodlust, uniq_erica
Temple:   dshaligram_water_room_temple

Skill      XL: |  1  2  3  4  5  6  7  8  9 |
---------------+----------------------------+-----
Unarmed Combat | 4 5 6 7 8 10 12 | 12.2
Dodging        | 3 |  3.4
Fighting       | 2 |  2.4
Shapeshifting  | 4 |  4.2

Action                     |  1- 3 |  4- 6 |  7- 9 || total
---------------------------+-------+-------+-------++-------
  Melee: Unarmed           |    68 |    69 |   161 ||   298
         Punch             |       |     2 |    13 ||    15
  Evoke: Wand              |       |       |     3 ||     3
    Use: Scroll            |     2 |       |    12 ||    14
         Potion            |       |       |     1 ||     1
   Stab: Distracted        |       |       |     2 ||     2
 Armour: Scale mail        |    22 |    27 |    46 ||    95
  Dodge: Dodged            |    22 |    31 |    59 ||   112

Table legend: (Time is in decaauts)
 A = Elapsed time spent in this place.
 B = Non-inter-level travel time spent in this place.
 C = Inter-level travel time spent in this place.
 D = Time resting spent in this place.
 E = Time spent auto-exploring this place.
 F = Levels seen in this place.
 G = Mean time per level.
                   A        B        C        D        E       F      G
               +--------+--------+--------+--------+--------+-----+--------+
         Total |   2491 |   2398 |     93 |      0 |   1336 |   9 |  276.8 |
       Dungeon |   2472 |   2396 |     76 |      0 |   1336 |   8 |  309.0 |
        Temple |     18 |      1 |     17 |      0 |      0 |   1 |   18.0 |
               +--------+--------+--------+--------+--------+-----+--------+

Top non-repeatable levels by time:
     D:5: 525 daAuts
     D:7: 487 daAuts
     D:3: 391 daAuts
     D:6: 277 daAuts
     D:4: 270 daAuts
     D:2: 270 daAuts
     D:1: 225 daAuts
     D:8: 24 daAuts
  Temple: 18 daAuts
